 Dungeon Crawl Stone Soup version 0.31-a0-408-gb642c7f9a3 (webtiles) character file.

Game seed: 10179674082093047974

268 floatRand the Ruffian (level 6, -1/47 HPs)
             Began as a Draconian Shapeshifter on July 29, 2023.
             Slain by an ogre
             ... wielding a +0 giant club
              (24 damage)
             ... on level 4 of the Dungeon.
             The game lasted 00:02:30 (2420 turns).

floatRand the Ruffian (Draconian Shapeshifter)      Turns: 2420, Time: 00:02:30

Health: -1/47      AC:  6    Str: 18    XL:     6   Next: 0%
Magic:  6/6        EV: 12    Int:  8    God:
Gold:   93         SH:  0    Dex: 13    Spells: 5/5 levels left

rFire   . .          .
                       - Unarmed
rCold   + . .        (no shield)
rNeg    . . .        (body armour unavailable)
rPois   .            (helmet currently unavailable)
rElec   .            (cloak currently unavailable)
rCorr   .            (gloves currently unavailable)
SInv    +            (boots currently unavailable)
Will    .....        (no amulet)
Stlth   +            d - ring of see invisible
HPRegen 0.27/turn    i - ring of protection from cold
MPRegen 0.10/turn

%: no passive effects
@: beast-form
A: beast (slay +2), AC +6, unfitting armour, cold-blooded
a: Begin Untransformation


You were on level 4 of the Dungeon.
You were a hulking beast.
You visited 1 branch of the dungeon, and saw 4 of its levels.

You collected 183 gold pieces.
You spent 90 gold pieces at shops.

Inventory:

Jewellery
 d - a ring of see invisible (left hand)
 i - a ring of protection from cold (right hand)
 k - a ring of protection from cold
Talismans
 b - a beast talisman
Scrolls
 c - a scroll of revelation
 e - a scroll of torment
 f - a scroll of silence
 g - a scroll of blinking
 h - a scroll of enchant weapon
 j - a scroll of teleportation
Potions
 a - 2 potions of lignification
 m - a potion of magic
 n - a potion of brilliance {unknown}
 p - a potion of haste {unknown}


   Skills:
 - Level 1.1 Fighting
 - Level 1.7 Dodging
 * Level 5.8 Unarmed Combat
 + Level 4.1 Shapeshifting


You had 5 spell levels left.
You didn't know any spells.
Your spell library contained the following spells:

 Spells                   Type           Power      Damage    Failure   Level
 Sting                    Tmut/Pois      0%         1d3       41%         1
 Poisonous Vapours        Pois/Air       0%         N/A       54%         2
 Olgreb's Toxic Radiance  Pois           0%         N/A       99%         4


Dungeon Overview and Level Annotations

Branches:
Dungeon (4/15)
 Temple: D:4-7

Altars:

Shops:
D:2 ?


Innate Abilities, Weirdness & Mutations

You are a hulking beast.
Your limbs bulge with bestial killing power. (Slay +2)
Your plain brown scales are hard. (AC +6)
You cannot fit into any form of body armour.
You are cold-blooded and may be slowed by cold attacks.


Message History

Found a ring mail.
Found a stone staircase leading down.
You now have 93 gold pieces (gained 11).
An endoplasm comes into view.
An endoplasm is nearby!
An endoplasm is nearby!
An endoplasm is nearby!
The endoplasm quivers.
You barely miss the endoplasm. You hit the endoplasm.
The endoplasm is moderately wounded.
The endoplasm closely misses you.
You barely miss the endoplasm.
The endoplasm is moderately wounded.
The endoplasm misses you.
You punch the endoplasm!
You kill the endoplasm!
An ogre comes into view. It is wielding a +0 giant club.
Found a golden ring.
An ogre is nearby!
An ogre is nearby!
The ogre shouts!
The ogre hits you but does no damage.
You hit the ogre.
The ogre is lightly wounded.
The ogre hits you with a +0 giant club!!
Ouch! That really hurt!
Unknown command.
You punch the ogre!
The ogre is heavily wounded.
Unknown command.
You hit the ogre.
The ogre is heavily wounded.
The ogre barely misses you.
You hit the ogre.
The ogre is severely wounded.
You punch the ogre!
The ogre is almost dead.
The ogre hits you with a +0 giant club!!
Ouch! That really hurt!
You die...

##### #...# #...#
.####...###############
....................[>#
####..h######.....##.#
#..O# #.###.##.# #...#
#.# #....# #...# #.#
####.# #=..# #.# #.#
#...# #.# #.# ##### #.#
###.# #.# #...##
#.####.#..#


You could see an ogre.

Vanquished Creatures
  A hound (D:4)
  2 orc priests (D:4)
  Jessica (D:3)
  2 orc wizards (D:4)
  3 adders
  2 worms (D:2)
  3 dart slugs
  6 orcs
  9 endoplasms
  6 giant cockroaches
  7 hobgoblins
  6 kobolds
  2 quokkas
  2 ball pythons (D:1)
  2 bats (D:1)
  2 frilled lizards
  3 goblins
  5 rats
64 creatures vanquished.

Notes
Turn   | Place    | Note
-------+----------+-------------------------------------------
     0 | D:1      | floatRand the Draconian Shapeshifter began the quest for
                  | the Orb.
     0 | D:1      | Reached XP level 1. HP: 16/16 MP: 1/1
    66 | D:1      | Reached XP level 2. HP: 19/23 MP: 2/2
   371 | D:1      | Reached XP level 3. HP: 26/28 MP: 3/3
   631 | D:2      | Reached skill level 4 in Unarmed Combat
   781 | D:2      | Found a faded altar of an unknown god.
   902 | D:2      | Reached XP level 4. HP: 35/35 MP: 4/4
  1037 | D:2      | Found Neuntugh's Magic Scroll Shop.
  1040 | D:2      | Bought a scroll of identify for 20 gold pieces
  1040 | D:2      | Bought a scroll of identify for 20 gold pieces
  1040 | D:2      | Bought a scroll of identify for 20 gold pieces
  1040 | D:2      | Bought a scroll of teleportation for 30 gold pieces
  1351 | D:3      | Noticed Jessica
  1361 | D:3      | Killed Jessica
  1590 | D:3      | Identified the +7 rapier of the Asp {freeze, rElec}
  2073 | D:4      | Reached skill level 5 in Unarmed Combat
  2073 | D:4      | Reached XP level 5. HP: 39/40 MP: 5/5
  2383 | D:4      | Reached XP level 6. HP: 47/47 MP: 6/6
  2420 | D:4      | Slain by an ogre

Illustrated notes

Levels and vault maps discovered:
D:1:      saegor_arrival_under_anarchy, layout_loops_ring, minmay_unequal
D:2:      layout_rooms, serial_shops, nicolae_shop_rolled_up,
          chequers_ecumenical_altar_lobes
D:3:      layout_basic, uniq_jessica
D:4:      layout_basic, minmay_misc_feat_enclosed

Skill      XL: |  1  2  3  4  5 |
---------------+----------------+-----
Unarmed Combat | 4 5 |  5.8
Shapeshifting  | 4 |  4.1
Fighting       | |  1.1
Dodging        | |  1.7

Action                     |  1- 3 |  4- 6 || total
---------------------------+-------+-------++-------
  Melee: Unarmed           |    85 |    67 ||   152
         Tailslap          |    10 |     4 ||    14
         Punch             |     2 |     1 ||     3
    Use: Scroll            |       |     7 ||     7
   Stab: Sleeping          |     1 |     2 ||     3
 Armour: Skin              |    15 |    17 ||    32
  Dodge: Dodged            |    37 |    32 ||    69

Table legend: (Time is in decaauts)
 A = Elapsed time spent in this place.
 B = Non-inter-level travel time spent in this place.
 C = Inter-level travel time spent in this place.
 D = Time resting spent in this place.
 E = Time spent auto-exploring this place.
 F = Levels seen in this place.
 G = Mean time per level.
                   A        B        C        D        E       F      G
               +--------+--------+--------+--------+--------+-----+--------+
         Total |   2405 |   2306 |     99 |    226 |   1615 |   4 |  601.2 |
       Dungeon |   2405 |   2306 |     99 |    226 |   1615 |   4 |  601.2 |
               +--------+--------+--------+--------+--------+-----+--------+

Top non-repeatable levels by time:
     D:3: 890 daAuts
     D:1: 536 daAuts
     D:2: 528 daAuts
     D:4: 450 daAuts
